 Dungeon Crawl Stone Soup version 0.27.0-1-g7a089689b8 (webtiles) character file.

Game seed: 16075055876063597819

84 tilp the Stinger (level 4, 0/21 HPs)
             Began as a Vine Stalker Venom Mage on Aug 8, 2021.
             Slain by Sigmund (11 damage)
             ... on level 2 of the Dungeon.
             The game lasted 00:03:41 (2990 turns).

tilp the Stinger (Vine Stalker Venom Mage)          Turns: 2990, Time: 00:03:42

Health: 0/21       AC:  2    Str: 11    XL:     4   Next: 45%
Magic:  0/17       EV: 12    Int: 16    God:
Gold:   33         SH:  0    Dex: 14    Spells: 4/7 levels left

rFire    + . .     SeeInvis .   (no weapon)
rCold    + . .     Faith    .   (no shield)
rNeg     . . .     Spirit   +   a - +0 robe
rPois    .         Reflect  .   (no helmet)
rElec    .         Harm     .   b - scarf {rC+ rF+}
rCorr    .         Rampage  .   (no gloves)
Will     .....                  (no boots)
Stlth    ++........             (no amulet)
HPRegen  1.07/turn              f - ring of magical power
MPRegen  0.15/turn              (no ring)

@: very slightly contaminated
A: fangs 2, regeneration 1, magic shield, antimagic bite, no potion heal 2
a: no special abilities


You were on level 2 of the Dungeon.
You visited 1 branch of the dungeon, and saw 2 of its levels.

You collected 33 gold pieces.

Inventory:

Armour
 a - a +0 robe (worn)
 b - a scarf of resistance (worn)
Jewellery
 f - a ring of magical power (left hand)
Scrolls
 e - 2 scrolls of identify
Potions
 c - a potion of curing {unknown}


   Skills:
 - Level 1.5 Dodging
 - Level 2.4 Stealth
 + Level 0.9 Unarmed Combat
 - Level 2.1 Spellcasting
 - Level 2.0 Transmutations
 - Level 2.0 Air Magic
 - Level 4.0 Poison Magic


You had 4 spell levels left.
You knew the following spells:

 Your Spells              Type           Power      Damage    Failure   Level
a - Sting                 Tmut/Pois      44%        1d5       6%          1
b - Poisonous Vapours     Pois/Air       22%        N/A       9%          2

Your spell library contained the following spells:

 Spells                   Type           Power      Damage    Failure   Level
 Mephitic Cloud           Conj/Pois/Air  8%         N/A       26%         3
 Olgreb's Toxic Radiance  Pois           14%        N/A       36%         4
 Stone Arrow              Conj/Erth      2%         3d7       52%         3
 Animate Armour           Summ/Erth      2%         N/A       90%         4
 Lehudib's Crystal Spear  Conj/Erth      0%         10d2      100%        8


Dungeon Overview and Level Annotations

Branches:
Dungeon (2/15)

Altars:

Annotations:
D:2 Sigmund


Innate Abilities, Weirdness & Mutations

You have extremely sharp teeth.
Your natural rate of healing is unusually fast.
When hurt, damage is shared between your health and your magic reserves.
Your bite disrupts and absorbs the magic of your enemies.
Potions cannot restore your health.


Message History

Confirm with . or Enter, or press ? or * to list all spells.
Aiming: Sting (safe; 6% risk of failure)
Press: ? - help, Shift-Dir - straight line, f/p - Sigmund
Aim: Sigmund, wielding a +0 scythe and wearing a +0 robe (moderately wounded, extremely poisoned, 68% to hit)
You miscast Sting.
You are very lightly contaminated with residual magic.
Nothing appears to happen.
Sigmund hits you but does no damage.
Casting: Sting (safe; 6% risk of failure)
Confirm with . or Enter, or press ? or * to list all spells.
Aiming: Sting (safe; 6% risk of failure)
Press: ? - help, Shift-Dir - straight line, f/p - Sigmund
Aim: Sigmund, wielding a +0 scythe and wearing a +0 robe (heavily wounded, extremely poisoned, 68% to hit)
The sting hits Sigmund.
Sigmund looks as sick as possible!
Sigmund is heavily wounded.
Sigmund hits you from afar with a +0 scythe.
Casting: Sting (safe; 6% risk of failure)
Confirm with . or Enter, or press ? or * to list all spells.
Aiming: Sting (safe; 6% risk of failure)
Press: ? - help, Shift-Dir - straight line, f/p - Sigmund
Aim: Sigmund, wielding a +0 scythe and wearing a +0 robe (severely wounded, extremely poisoned, 68% to hit)
The sting hits Sigmund.
Sigmund looks as sick as possible!
Sigmund is severely wounded.
Sigmund hits you but does no damage.
Casting: Sting (safe; 6% risk of failure)
Confirm with . or Enter, or press ? or * to list all spells.
Aiming: Sting (safe; 6% risk of failure)
Press: ? - help, Shift-Dir - straight line, f/p - Sigmund
Aim: Sigmund, wielding a +0 scythe and wearing a +0 robe (severely wounded, extremely poisoned, 68% to hit)
The sting hits Sigmund.
Sigmund looks as sick as possible!
Sigmund is severely wounded.
Sigmund points at you and mumbles some strange words.
You resist with some effort.
Sigmund mumbles some strange words.
Sigmund flickers and vanishes!
Deactivating autopickup; reactivate with Ctrl-A.
You barely miss something. You bite something. Something hits you!
You miss something. Something hits you.
You barely miss something. You bite something. Something hits you!
Ouch! That really hurt!
You die...

#<# #.# #.....# #.# #.#
####### #.# #.# #.# #.#
#.# #.# #.# #.# #.#
#.#### #.#
########....###
......{@..†...##########
###########.#...........
#.############
#<............
##############


There were no monsters in sight!

Vanquished Creatures
  Natasha (D:2)
  3 dart slugs
  7 bats (D:1)
  2 endoplasms (D:1)
  5 giant cockroaches (D:1)
  2 goblins
  3 hobgoblins
  8 jackals (D:1)
  5 kobolds
  2 quokkas (D:1)
  A ball python (D:2)
  4 frilled lizards (D:1)
  6 rats
49 creatures vanquished.

Vanquished Creatures (others)
  5 fungi (D:1)
  7 plants (D:1)
12 creatures vanquished.

Grand Total: 61 creatures vanquished

Notes
Turn   | Place    | Note
-------+----------+-------------------------------------------
     0 | D:1      | tilp the Vine Stalker Venom Mage began the quest for the
                  | Orb.
     0 | D:1      | Reached XP level 1. HP: 9/9 MP: 4/4
   227 | D:1      | Reached XP level 2. HP: 13/13 MP: 1/6
   417 | D:1      | Learned a level 2 spell: Poisonous Vapours
   686 | D:1      | Reached XP level 3. HP: 16/16 MP: 2/7
  1485 | D:1      | Reached skill level 1 in Air Magic
  2086 | D:1      | Found a faded altar of an unknown god.
  2842 | D:2      | Gained mutation: Your natural rate of healing is unusually
                  | fast. [Vine Stalker growth]
  2842 | D:2      | Reached XP level 4. HP: 21/21 MP: 8/8
  2888 | D:2      | Noticed Natasha
  2893 | D:2      | Killed Natasha
  2894 | D:2      | Reached skill level 4 in Poison Magic
  2977 | D:2      | Noticed Sigmund
  2990 | D:2      | Slain by Sigmund

Illustrated notes

Levels and vault maps discovered:
D:1:      dpeg_arrival_prison, layout_basic, dreamdust_ecumenical_altar_grove
D:2:      layout_loops_ring, serial_shops, nicolae_lakefront_shop,
          minmay_misc_feat_square, uniq_natasha, uniq_sigmund

Skill      XL: |  1  2  3  4 |
---------------+-------------+-----
Transmutations | 2 |  2.0
Air Magic      | 1 2 |  2.0
Poison Magic   | 4 |  4.0
Dodging        | |  1.5
Stealth        | |  2.4
Unarmed Combat | |  0.9
Spellcasting   | |  2.1

Action                   |  1- 3 |  4- 6 || total
-------------------------+-------+-------++-------
Melee: Unarmed           |    33 |     3 ||    36
       Bite              |     6 |     2 ||     8
 Cast: Sting             |    43 |     5 ||    48
       Poisonous Vapours |    50 |     8 ||    58
  Use: Scroll            |     3 |       ||     3
Armor: Robe              |     8 |     2 ||    10
Dodge: Dodged            |    37 |       ||    37
